 Dungeon Crawl Stone Soup version 0.31.0-12-g77e489cdc1 (webtiles) character file.

Game seed: 7335072244449370708

2142 Doomgape the Fighter (level 9, 0/59 HPs)
             Began as a Gargoyle Fighter on Feb 21, 2024.
             Killed from afar by a steam dragon (19 damage)
             ... with a ball of steam
             ... on level 7 of the Dungeon.
             The game lasted 00:20:04 (6752 turns).

Doomgape the Fighter (Gargoyle Fighter)             Turns: 6752, Time: 00:20:05

Health: 0/59       AC: 20    Str: 25    XL:     9   Next: 30%
Magic:  9/9        EV:  7    Int:  8    God:
Gold:   1099       SH:  5    Dex: 15    Spells: 8/8 levels left

rFire   . . .        w - +1 morningstar (flame)
rCold   . . .        c - +0 buckler
rNeg    + + .        a - +0 plate armour
rPois   ∞            (no helmet)
rElec   +            (no cloak)
rCorr   .            (no gloves)
SInv    .            (no boots)
Will    .....        (no amulet) Stlth
                     o - +6 ring of dexterity
HPRegen 0.29/turn    s - ring of positive energy
MPRegen 0.11/turn

%: no passive effects
@: no status effects
A: sickness immunity, AC +6, negative energy resistance 1, electricity
resistance, torment resistance 1, petrification resistance
a: no special abilities


You were on level 7 of the Dungeon.
You visited 2 branches of the dungeon, and saw 8 of its levels.
You also visited: Ossuary.

You collected 1397 gold pieces.
You spent 298 gold pieces at shops.

Inventory:

Hand Weapons
 w - a +1 morningstar of flaming (weapon)
Missiles
 g - 3 javelins (quivered)
 y - a throwing net
Armour
 a - a +0 plate armour (worn)
 c - a +0 buckler (worn)
Jewellery
 o - a +6 ring of dexterity (left hand)
 r - an amulet of the acrobat
 s - a ring of positive energy (right hand)
Wands
 n - a wand of quicksilver (9)
 p - a wand of flame (20)
Scrolls
 h - a scroll of brand weapon
 i - a scroll of revelation
 j - a scroll of identify
 k - 5 scrolls of teleportation
 l - 3 scrolls of blinking
 t - a scroll of enchant armour
Potions
 b - 4 potions of curing
 d - a potion of might
 e - 3 potions of heal wounds
 f - a potion of enlightenment {unknown}
 m - a potion of resistance {unknown}
 q - 2 potions of haste {unknown}
 u - a potion of cancellation {unknown}
 v - a potion of mutation {unknown}
 x - 2 potions of berserk rage {unknown}


   Skills:
 + Level 8.2 Fighting
 + Level 7.1 Maces & Flails
 + Level 8.2 Armour
 - Level 3.6 Shields


You had 8 spell levels left.
You didn't know any spells.
Your spell library contained the following spells:

 Spells                   Type           Power      Damage    Failure   Level
 Sandblast                Erth           0%         2d4       99%         1
 Blink                    Tloc           0%         N/A       100%        2
 Lesser Beckoning         Tloc           0%         N/A       100%        2
 Momentum Strike          Conj/Tloc      0%         3d8       100%        2
 Call Canine Familiar     Summ           0%         N/A       100%        3
 Passwall                 Erth           0%         N/A       100%        3
 Sigil of Binding         Hex            0%         N/A       100%        3
 Stone Arrow              Conj/Erth      0%         3d7       100%        3
 Brom's Barrelling Bould  Conj/Erth      0%         2d3       100%        4
 Dimensional Bullseye     Hex/Tloc       0%         N/A       100%        4


Dungeon Overview and Level Annotations

Branches:
Dungeon (7/15)             Temple (1/1) D:4         Ossuary (visited)

Altars:
Ashenzari
Dithmenos
Fedhas
Kikubaaqudgha
Sif Muna
Trog
Xom
Zin
The Shining One

Shops:
D:2 :   D:4 ?=


Innate Abilities, Weirdness & Mutations

You are immune to sickness and miasma.
Your stone body is resilient. (AC +6)
You are immune to poison.
You resist negative energy. (rN+)
You are resistant to electric shocks. (rElec)
You are resistant to unholy torment.
You are immune to petrification.


Message History

You hit the wight. You burn the wight.
The wight is moderately damaged.
The wight hits you with a +0 great sword.
The wight barely misses you.
Unknown command.
You hit the wight. You burn the wight.
The wight is heavily damaged.
The wight hits you from afar with a +4 halberd.
You block the wight's attack.
Unknown command.
You completely miss the wight.
The wight is heavily damaged.
The wight completely misses you. You block the wight's attack.
Unknown command.
You puncture the wight! You burn the wight.
The wight is almost destroyed.
The wight hits you but does no damage.
The wight hits you with a +0 great sword.
Unknown command.
You hit the wight. You burn the wight.
You destroy the wight!
The wight closely misses you.
Unknown command.
You barely miss the steam dragon. The wight hits you but does no damage.
You block the steam dragon's attack. x2
Unknown command.
You sock the steam dragon! You burn the steam dragon.
The steam dragon is heavily wounded.
The wight hits you from afar with a +4 halberd.
The steam dragon closely misses you.
The steam dragon claws you but does no damage.
Unknown command.
You hit the steam dragon. You burn the steam dragon.
The steam dragon is severely wounded.
The wight hits you from afar with a +4 halberd.
You block the steam dragon's attack. The steam dragon claws you.
The wight hits you from afar with a +4 halberd.
The steam dragon breathes steam at you. The ball of steam hits you!!
You die...

#...# ########## ###.##
#<.......#
.#...####.###.##.# ###
[..#......# #.##.# ..
#.###..##.###....# $#
###....##......#.##.###
#####...###......z....#
...#....#
#.####D##§.....#
.....#..# #.####@#
.#..... ##......#
#......# .. ....
##......# ##.....#


z#z ... ...)....####<....# z##. .# .................# z. .. # ........####.....#
## .# ##......# #.....# #......# ####### ####..## You could see a steam dragon
(catching breath) and a wight.

Vanquished Creatures
  Prince Ribbit (D:5)
  A water moccasin (D:7)
  A sky beast (D:7)
  A black bear (D:4)
  3 ogres
  A kobold brigand (D:7)
  2 phantoms (D:5)
  An elf zombie (Ossuary)
  Blork the orc (D:6)
  3 scorpions
  A wight (D:7)
  2 jellies
  2 human zombies (Ossuary)
  3 orc priests
  3 hounds
  3 orc wizards
  2 iguanas (D:7)
  2 hound zombies (Ossuary)
  3 mummies (Ossuary)
  11 gnolls
  11 adders
  2 white imps
  An ufetubus (D:7)
  An adder zombie (Ossuary)
  2 dart slugs
  2 ribbon worms (D:2)
  19 orcs
  6 endoplasms
  A giant cockroach (D:2)
  3 hobgoblins
  4 jackals (D:4)
  4 kobolds
  2 quokkas (D:5)
  8 ball pythons
  6 bats
  3 frilled lizards
  6 goblins
  2 jackal zombies (Ossuary)
  3 orc zombies (Ossuary)
  9 rats
  A rat zombie (Ossuary)
143 creatures vanquished.

Vanquished Creatures (others)
  An orc wizard (D:3)
1 creature vanquished.

Grand Total: 144 creatures vanquished

Notes
Turn   | Place    | Note
-------+----------+-------------------------------------------
     0 | D:1      | Doomgape the Gargoyle Fighter began the quest for the Orb.
     0 | D:1      | Reached XP level 1. HP: 14/14 MP: 1/1
     6 | D:1      | Noticed a mana viper
     6 | D:1      | Noticed a crocodile
     6 | D:1      | Noticed a polar bear
     7 | D:1      | Noticed a swamp drake
   242 | D:1      | Reached XP level 2. HP: 19/19 MP: 2/2
  1008 | D:2      | Reached XP level 3. HP: 23/23 MP: 3/3
  1270 | D:2      | Found Issur's Book Boutique.
  1320 | D:2      | Reached XP level 4. HP: 29/29 MP: 4/4
  1961 | D:3      | Noticed a scorpion
  1973 | D:3      | Killed a scorpion
  1974 | D:3      | Reached XP level 5. HP: 34/34 MP: 5/5
  2241 | D:3      | Reached XP level 6. HP: 30/40 MP: 6/6
  2461 | D:3      | Found a faded altar of an unknown god.
  2624 | D:3      | Reached skill level 5 in Armour
  2681 | D:4      | Found Kupp's Jewellery Emporium.
  2699 | D:4      | Identified a scroll of acquirement
  2699 | D:4      | Acquired 1023 gold pieces
  2852 | D:4      | Found a staircase to the Ecumenical Temple.
  2864 | D:4      | Reached skill level 5 in Fighting
  3048 | D:4      | Noticed a black bear
  3060 | D:4      | Killed a black bear
  3084 | D:4      | Reached XP level 7. HP: 44/44 MP: 7/7
  3138 | D:4      | Identified the +0 ring mail of Freezing Happiness {rF-
                  | Int+2 Dex+2 Slay+3}
  3178 | Temple   | Entered the Ecumenical Temple
  3510 | D:4      | Found The Oracle's Delphic Readings.
  3514 | D:4      | Bought a scroll of teleportation for 39 gold pieces
  3514 | D:4      | Bought a scroll of identify for 26 gold pieces
  3514 | D:4      | Bought a scroll of enchant armour for 97 gold pieces
  3514 | D:4      | Bought a scroll of teleportation for 39 gold pieces
  3514 | D:4      | Bought a scroll of blinking for 97 gold pieces
  3660 | D:4      | Identified the +4 war axe of the Owl {venom, *Rage Str+2
                  | Dex+3}
  3920 | D:5      | Entered Level 5 of the Dungeon
  4124 | D:5      | Found a sand-covered staircase.
  4129 | Ossuary  | Entered an ossuary
  4159 | Ossuary  | Reached skill level 5 in Maces & Flails
  4519 | D:5      | Reached XP level 8. HP: 27/52 MP: 8/8
  4796 | D:5      | Noticed Prince Ribbit
  4835 | D:5      | Killed Prince Ribbit
  5305 | D:6      | Found a broken altar of Ashenzari.
  5305 | D:6      | Noticed Blork the orc
  5468 | D:6      | Killed Blork the orc
  6387 | D:7      | Reached XP level 9. HP: 33/59 MP: 9/9
  6752 | D:7      | Killed from afar by a steam dragon

Illustrated notes

Levels and vault maps discovered:
D:1:      onia_arrival_zoo_common, layout_loops_ring, corexii_corridor_pit
D:2:      layout_basic, serial_shops, nicolae_book_shop_shelving,
          roderic_serpentine_path, kennysheep_generic_room_8
D:3:      layout_rooms, shapermc_ecumenical_altar_totnotflames, st_stairs_5,
          minmay_surrounded
D:4:      layout_basic, minmay_temple_entry_grid, serial_shops,
          nicolae_shop_real_fake_doors, nicolae_nh_oracle_at_delphi
D:5:      layout_gridville, enter_ossuary_2, uniq_prince_ribbit1
D:6:      layout_basic, cheibrodos_ashenzari_chains, serial_curves,
          eino_curves_02, eino_curves_04, minmay_misc_feat_plants,
          nicolae_kite_square_tiling_tiny, uniq_blork_the_orc
D:7:      layout_loops_cross, minmay_between
Temple:   nicolae_temple_bog_church

Skill      XL: |  1  2  3  4  5  6  7  8  9 |
---------------+----------------------------+-----
Fighting       | 4 5 6 7 8 |  8.2
Armour         | 4 5 6 7 8 |  8.2
Maces & Flails | 3 4 5 6 7 |  7.1
Shields        | |  3.6

Action                     |  1- 3 |  4- 6 |  7- 9 || total
---------------------------+-------+-------+-------++-------
  Melee: Flail             |   127 |   200 |    57 ||   384
         Morningstar       |       |       |   176 ||   176
  Evoke: Wand              |       |     1 |       ||     1
    Use: Scroll            |     3 |     5 |     9 ||    17
         Potion            |       |       |     3 ||     3
 Armour: Scale mail        |    89 |    52 |       ||   141
         Chain mail        |       |   136 |   272 ||   408
         Plate armour      |       |       |   124 ||   124
  Dodge: Dodged            |    83 |    97 |   181 ||   361
  Block: Buckler           |    27 |    45 |   101 ||   173
